 Dungeon Crawl Stone Soup version 0.23-a0-175-g97aacdb306 (webtiles) character file.

199758 Jesh the Imperceptible (level 18, -4/104 HPs)
             Began as a Spriggan Enchanter on Sept 16, 2018.
             Was the Champion of Dithmenos.
             Slain by a wolf spider (24 damage)
             ... on level 4 of the Spider Nest.
             The game lasted 01:53:42 (44299 turns).

Jesh the Imperceptible (Spriggan Enchanter)        Turns: 44299, Time: 01:53:42

Health: -4/104     AC: 11    Str:  9      XL:     18   Next: 25%
Magic:  24/38      EV: 16    Int: 20 (21) God:    Dithmenos [******]
Gold:   2016       SH:  0    Dex: 17      Spells: 30/47 levels left

rFire    + . .     SeeInvis +   t - +6 quick blade
rCold    . . .     Gourm    .   (shield restricted)
rNeg     . . .     Faith    .   K - +2 robe {rF+}
rPois    .         Spirit   .   (helmet restricted)
rElec    .         Reflect  .   N - +2 cloak
rCorr    .         Harm     .   (gloves unavailable)
MR       +++..                  (boots unavailable)
Stlth    ++++++++++             p - amulet of magic regeneration
HPRegen  0.27/turn              A - +5 ring of slaying
MPRegen  0.51/turn              z - +4 ring of protection

@: lethally poisoned (-4 -> -23), about to teleport, held, wreathed by umbra,
studying Charms, very quick
A: very small, unfitting armour, fangs 1, see invisible, clever 1, herbivore,
speed 3, robust 1, slow metabolism 2
a: Shadow Step, Shadow Form, Renounce Religion


You were on level 4 of the Spider Nest.
You worshipped Dithmenos.
Dithmenos was exalted by your worship.
You were not hungry.

You visited 8 branches of the dungeon, and saw 35 of its levels.
You also visited: Sewer and Volcano.

You collected 3298 gold pieces.
You spent 1282 gold pieces at shops.

Inventory:

Hand Weapons
 t - a +6 quick blade (weapon)
Missiles
 y - 3 throwing nets (quivered)
Armour
 g - a scarf of cloud immunity
 K - a +2 robe of fire resistance (worn)
 N - a +2 cloak (worn)
Jewellery
 k - an uncursed ring of resist corrosion
 l - a +4 ring of dexterity
 p - an amulet of magic regeneration (around neck)
 z - a +4 ring of protection (right hand)
 A - a +5 ring of slaying (left hand)
 B - the ring "Gawunu" {Ice *Drain rN+ MP+9 Str+4 Dex+2}
   (You found it on level 2 of the Swamp)

   [ring of ice]

   It enhances your ice magic.
   It affects your strength (+4).
   It affects your dexterity (+2).
   It makes you vulnerable to fire.
   It protects you from cold.
   It protects you from negative energy.
   It affects your magic capacity (+9).
   It causes draining when unequipped.
 Q - an uncursed ring of protection from cold
 R - an uncursed ring of flight
 U - the ring "Zofrippu" {rPois MP+9 Slay+3}
   (You found it on level 2 of the Spider Nest)

   [ring of magical power]

   It affects your accuracy and damage with ranged weapons and melee attacks
   (+3).
   It protects you from poison.
   It affects your magic capacity (+9).
Wands
 a - a wand of flame (73)
 j - a wand of disintegration (7)
 u - a wand of acid (18)
 v - a wand of digging (21)
 C - a wand of random effects (62)
 H - a wand of clouds (9)
 L - a wand of enslavement (22)
 M - a wand of iceblast (22)
 P - a wand of scattershot (6)
 S - a wand of paralysis (11)
Scrolls
 c - 11 scrolls of remove curse
 n - 16 scrolls of teleportation
 o - a scroll of fear
 q - 13 scrolls of amnesia
 r - 6 scrolls of identify
 s - 3 scrolls of blinking
 x - a scroll of vulnerability
 G - 5 scrolls of magic mapping
 O - 3 scrolls of fog
 Y - a scroll of enchant armour
Potions
 b - 2 potions of mutation
 e - 4 potions of magic
 f - 9 potions of curing
 h - 4 potions of heal wounds
 i - 6 potions of agility
 m - 6 potions of resistance
 D - 4 potions of might
 E - a potion of ambrosia
 F - 2 potions of flight
 I - 5 potions of haste
 J - a potion of berserk rage
 V - a potion of invisibility
 W - a potion of brilliance
 X - a potion of cancellation
Books
 T - a manual of Charms
Miscellaneous
 w - a lamp of fire
Comestibles
 d - 20 rations


   Skills:
 + Level 10.9 Fighting
 + Level 13.7 Short Blades
 + Level 17.3 Dodging
 + Level 22.4 Stealth
 + Level 15.4 Spellcasting
 * Level 18.0 Hexes


You had 30 spell levels left.
You knew the following spells:

 Your Spells              Type           Power        Failure   Level  Hunger
a - Ensorcelled Hibernat  Hex/Ice        ######       1%          2    None
b - Corona                Hex            ######.      0%          1    None
c - Confuse               Hex            ######..     0%          3    None
d - Tukima's Dance        Hex            ######..     0%          3    None
e - Dazzling Spray        Conj/Hex       ######       1%          3    None
f - Silence               Hex/Air        ######....   2%          5    ###....

Your spell library contained the following spells:

 Spells                   Type           Power        Failure   Level  Hunger
 Inner Flame              Hex/Fire       ######..     1%          3    None
 Summon Guardian Golem    Hex/Summ       ######..     1%          3    None
 Beastly Appendage        Tmut           ###...       4%          1    None
 Flame Tongue             Conj/Fire      ###..        4%          1    None
 Sandblast                Erth           ###...       4%          1    None
 Summon Small Mammal      Summ           ###.         4%          1    None
 Call Imp                 Summ           ###.....     6%          2    None
 Passwall                 Tmut/Erth      ###.....     6%          2    None
 Sticks to Snakes         Tmut           ###.....     6%          2    None
 Call Canine Familiar     Summ           ###.....     12%         3    None
 Spider Form              Tmut/Pois      ###.......   12%         3    None
 Static Discharge         Conj/Air       ###.....     12%         3    None
 Stone Arrow              Conj/Erth      ###...       12%         3    None
 Ice Form                 Ice/Tmut       ###.....     36%         4    None
 Petrify                  Tmut/Erth      ###.....     36%         4    None
 Summon Ice Beast         Ice/Summ       ###.....     36%         4    None
 Summon Lightning Spire   Summ/Air       ###.....     36%         4    None
 Blade Hands              Tmut           ###.......   73%         5    ###....
 Bolt of Magma            Conj/Fire/Erth ###.......   73%         5    ###....
 Iskenderun's Battlesphe  Conj/Chrm      ###.....     73%         5    ###....
 Lee's Rapid Deconstruct  Erth           ###.......   73%         5    ###....
 Venom Bolt               Conj/Pois      ###.......   73%         5    ###....
 Conjure Ball Lightning   Conj/Air       ###.......   99%         6    #####..
 Deflect Missiles         Chrm/Air       ###.......   99%         6    #####..
 Iron Shot                Conj/Erth      ###.......   99%         6    #####..
 Orb of Destruction       Conj           ###.......   100%        7    ######.
 Spellforged Servitor     Conj/Summ      ###.......   100%        7    ######.


Dungeon Overview and Level Annotations

Branches:
Dungeon (15/15)            Temple (1/1) D:4            Lair (6/6) D:8
  Swamp (4/4) Lair:4       Spider (4/4) Lair:2        Slime (0/5) Lair:6
    Orc (2/2) D:9             Elf (0/3) Orc:2        Vaults (0/5) D:13
 Depths (2/5) D:15           Hell (1/1)
    Dis: Hell:1         Geh: Hell:1         Coc: Hell:1         Tar: Hell:1

Altars:
Ashenzari
Cheibriados
Dithmenos
Elyvilon
Fedhas
Gozag
Hepliaklqana
Kikubaaqudgha
Makhleb
Nemelex Xobeh
Okawaru
Qazlal
Ru
Sif Muna
Trog
Uskayaw
Vehumet
Wu Jian
Xom
Yredelemnul
Zin
The Shining One
Beogh
Jiyva
Lugonu

Shops:
D:7 =(   D:12 *   D:15 !   Orc:2 :[(*   Depths:1 [

Portals:
Hell: Depths:1

Annotations:
Lair:2 exclusion: 4 oklob plants
Spider:4 exclusions: wolf spider and 4 more exclusions
Hell exclusion: 2 ice statues


Innate Abilities, Weirdness & Mutations

You are very small and have problems with some larger weapons.
You are too small for most types of armour.
You have supernaturally acute eyesight. (SInv)
You are a herbivore.
You cover ground extremely quickly.
You need to consume almost no food.
You have very sharp teeth.
Your mind is acute. (Int +2)
You are robust. (+10% HP)


Message History

The ghost moth hits you.
* * * LOW HITPOINT WARNING * * *
The ghost moth completely misses you.
The moth of wrath angrily waves its antennae.
* * * LOW HITPOINT WARNING * * *
You feel sick.
The jumping spider rages.
The jumping spider pounces on you!!
* * * LOW HITPOINT WARNING * * *
You are caught in a web!
The jumping spider barely misses you.
There is a web, spattered with blood here.
You feel much better.
You feel sick. The wolf spider hits you.
* * * LOW HITPOINT WARNING * * *
The wolf spider closely misses you.
The jumping spider pounces on you but does no damage.
The jumping spider barely misses you. The ghost moth stares at you.
You feel your power leaking away. The wolf spider hits you!!
You die...

#.#....................
####......................
***###...§§§§........^........#
*.##....§§§§§..........s...§...
**........§§§§§.....#......y.y..
*,.......§§§§§§§.........y......
**...#....§§y§§§................
*,........§§.§sy........#.......
***.........§§§s@................
*,,#...#.§.§...§#..[...).........
,,,.........<...........†........
,,,...#.................†........
,,,,,............................
*,,,,....).......................
**,,,#....#...............(.....,
**,,........?..................,
*,,,...........................,


You could see a ghost moth (invisible), a wolf spider (berserk), a moth of wrath
and a jumping spider (berserk).

Vanquished Creatures
  Jorgrun (Spider:3)
  Rupert (D:15)
  A lich (Depths:1)
  A tentacled monstrosity (Swamp:3)
  Frances (Swamp:2)
  Agnes (Spider:4)
  A thorn hunter (Swamp:3)
  2 emperor scorpions
  3 fire giants
  An orc warlord (Orc:2)
  2 frost giants
  4 very ugly things (Depths:1)
  3 entropy weavers
  Nessos (D:12)
  2 stone giants (Depths:1)
  The ghost of Ufuanoycu the Spear-Bearer, a journeyman MiFi of Uskayaw (Spider:1)
  3 fire dragons
  7 ettins
  2 merfolk javelineers (Depths:1)
  Josephine (Spider:1)
  The ghost of Pihasey the Slicer, a journeyman VSBe of Trog (Lair:3)
  2 great orbs of eyes (Depths:1)
  3 ice dragons (Depths:1)
  21 hydras
  2 rakshasas (Depths:1)
  3 ghost crabs
  3 shambling mangroves
  An ogre mage (Volcano)
  2 catoblepae (Lair:6)
  4 centaur warriors
  Erica (Lair:2)
  14 two-headed ogres
  2 deep troll earth magi (Depths:1)
  A tengu warrior (Depths:1)
  Urug (Lair:3)
  A deep troll shaman (Depths:1)
  13 alligators
  An orc high priest (Orc:2)
  7 spriggans
  Sonja (Lair:2)
  A deep elf knight (D:15)
  A sun demon (Depths:1)
  An iron troll (Depths:1)
  2 hell knights
  An unseen horror (D:10)
  7 deep trolls
  A swamp dragon (Swamp:2)
  A glowing orange brain (Depths:1)
  The ghost of Sergey the Shield-Bearer, a novice DDFi (D:7)
  A lindwurm (Lair:6)
  A deep elf archer (D:15)
  An oklob plant (Lair:2)
  3 orc sorcerers (Orc:2)
  21 wolf spiders
  A deep elf mage (D:14)
  A necromancer (Depths:1)
  4 orc knights
  17 ugly things
  A manticore (D:15)
  14 orb spiders
  13 elephants
  4 cyclopes
  2 moths of wrath
  7 black mambas
  2 molten gargoyles (Lair:6)
  5 torpor snails
  6 gargoyles
  18 spiny frogs
  4 centaur skeletons
  8 yaktaurs
  10 komodo dragons
  13 demonic crawlers
  3 rime drakes
  2 efreet
  6 trolls
  24 jumping spiders
  A merfolk (D:9)
  A red devil (Hell)
  A tengu conjurer (Depths:1)
  6 tyrant leeches
  2 raiju (D:11)
  19 hornets
  5 bog bodies
  3 dream sheep (Lair:6)
  A large abomination (D:11)
  27 blink frogs
  14 hippogriffs
  3 wraiths (Lair:2)
  49 redbacks
  2 water elementals (Depths:1)
  2 vampires
  A shadow (Swamp:1)
  10 wyverns
  22 tarantellas
  47 yaks
  16 humans (D:13)
  6 basilisks
  A hungry ghost (D:13)
  2 fire bats
  25 vampire mosquitoes
  4 insubstantial wisps (Swamp:2)
  3 wargs
  13 swamp worms
  12 water moccasins
  An acid dragon (D:12)
  7 hell hounds
  A soldier ant (D:15)
  14 porcupines
  6 swamp drakes
  24 orc warriors
  A black bear (D:10)
  5 sky beasts
  2 black bears (shapeshifter)
  4 phantoms
  3 ice beasts
  An eye of draining (D:11)
  6 ogres
  A wolf (Lair:2)
  A boggart (Depths:1)
  8 centaurs
  8 crocodiles
  A gnoll sergeant (D:9)
  13 bullfrogs
  A wyvern zombie (D:13)
  A wyvern skeleton (D:14)
  4 scorpions
  10 killer bees
  12 wights
  2 electric eels
  6 howler monkeys
  2 bullfrog zombies
  5 lava snakes (Lair:6)
  2 centaur zombies
  5 crimson imps
  A quasit (D:12)
  9 hounds
  4 jellies
  20 orc wizards
  13 orc priests
  A bullfrog skeleton (D:12)
  2 iguanas
  4 hell rats (Lair:6)
  10 worker ants
  A hound zombie (D:6)
  A hound skeleton (D:9)
  A howler monkey zombie (D:6)
  3 gnolls (D:9)
  7 adders
  4 river rats (Sewer)
  3 shadow imps
  2 oozes
  2 adder zombies
  3 adder skeletons
  3 worms
  8 leopard geckos
  58 orcs
  9 ball pythons
  8 bats
  7 giant cockroaches
  9 goblins
  7 hobgoblins
  11 jackals
  4 quokkas
  5 frilled lizards
  26 kobolds
  A quokka skeleton (D:7)
  A quokka zombie (D:7)
  26 rats
  A spectral orc (D:6)
  A bush (Lair:2)
  A fungus (Lair:2)
1063 creatures vanquished.

Vanquished Creatures (collateral kills)
  An orc (D:6)
1 creature vanquished.

Vanquished Creatures (others)
  A redback (Spider:4)
  An orc wizard (Orc:2)
  5 fungi
  13 plants
  16 toadstools (Lair:2)
36 creatures vanquished.

Grand Total: 1100 creatures vanquished

Notes
Turn   | Place    | Note
-------+----------+-------------------------------------------
     0 | D:1      | Jesh the Spriggan Enchanter began the quest for the Orb.
     0 | D:1      | Reached XP level 1. HP: 9/9 MP: 5/5
   656 | D:1      | Reached XP level 2. HP: 5/13 MP: 5/7
   660 | D:1      | Learned a level 2 spell: Ensorcelled Hibernation
  2107 | D:2      | Found a burning altar of Makhleb.
  2113 | D:2      | Reached XP level 3. HP: 16/16 MP: 5/9
  2118 | D:2      | Learned a level 3 spell: Confuse
  2122 | D:2      | Learned a level 3 spell: Tukima's Dance
  2701 | D:2      | Reached XP level 4. HP: 21/21 MP: 11/11
  3015 | D:3      | Reached skill level 5 in Hexes
  3243 | D:3      | Found a stormy altar of Qazlal.
  3415 | D:3      | Found a glowing drain.
  3432 | Sewer    | Entered a sewer
  3825 | Sewer    | Reached XP level 5. HP: 14/24 MP: 8/13
  4216 | Sewer    | Reached skill level 5 in Stealth
  4460 | Sewer    | Learned a level 3 spell: Dazzling Spray
  4925 | D:3      | Reached skill level 6 in Stealth
  4994 | D:3      | Reached skill level 7 in Stealth
  4994 | D:3      | Reached XP level 6. HP: 28/28 MP: 14/14
  5121 | D:3      | Found a radiant altar of Vehumet.
  5465 | D:4      | Reached skill level 8 in Stealth
  5805 | D:4      | Found a shadowy altar of Dithmenos.
  5814 | D:4      | Became a worshipper of Dithmenos the Shadowed
  5894 | D:4      | Found a staircase to the Ecumenical Temple.
  5917 | Temple   | Entered the Ecumenical Temple
  6059 | D:4      | Reached skill level 9 in Stealth
  6347 | D:5      | Entered Level 5 of the Dungeon
  6352 | D:5      | Noticed an ice beast
  6364 | D:5      | Killed an ice beast
  6364 | D:5      | Reached XP level 7. HP: 32/32 MP: 12/15
  6432 | D:5      | Reached skill level 10 in Stealth
  6828 | D:5      | Reached skill level 11 in Stealth
  7262 | D:6      | Reached skill level 12 in Stealth
  7330 | D:6      | Reached XP level 8. HP: 36/36 MP: 10/16
  7395 | D:6      | Got a jewelled dagger
  7396 | D:6      | Identified the +2 dagger of the Bouncing Lies {pain, rN+
                  | MR++} (You found it on level 6 of the Dungeon)
  7567 | D:6      | Reached * piety under Dithmenos
  7567 | D:6      | Reached skill level 13 in Stealth
  7822 | D:6      | Gained mutation: You occasionally shout uncontrollably at
                  | your foes. [potion of mutation]
  7822 | D:6      | Gained mutation: You are partially covered in large bone
                  | plates. (SH +4) [potion of mutation]
  7971 | D:6      | Reached skill level 14 in Stealth
  8448 | D:6      | Found a basalt altar of Yredelemnul.
  8683 | D:7      | Noticed Sergey's ghost (novice DDFi)
  8848 | D:7      | Found a runed door.
  8935 | D:7      | Reached skill level 15 in Stealth
  8936 | D:7      | Found Jyery's Antique Weapon Shoppe.
  9006 | D:7      | Reached skill level 5 in Spellcasting
  9192 | D:7      | Found a sparkling altar of Nemelex Xobeh.
  9208 | D:7      | You fall through a shaft for 2 floors!
  9208 | D:9      | Found an ornate altar of the Wu Jian Council.
  9443 | D:9      | Noticed a merfolk
  9448 | D:9      | Killed a merfolk
  9448 | D:9      | Reached skill level 1 in Fighting
  9448 | D:9      | Reached XP level 9. HP: 41/41 MP: 16/18
  9516 | D:9      | Found a staircase to the Orcish Mines.
  9607 | D:7      | Found a sacrificial altar of Ru.
  9740 | D:7      | Found Ymokkack's Jewellery Shop.
  9845 | D:7      | Reached ** piety under Dithmenos
 10251 | D:7      | Killed Sergey's ghost
 10674 | D:8      | Found a staircase to the Lair.
 10675 | D:8      | Noticed an elephant
 10691 | D:8      | Reached skill level 5 in Dodging
 10722 | D:8      | Killed an elephant
 10958 | D:8      | Reached XP level 10. HP: 48/48 MP: 11/21
 11613 | D:9      | Reached skill level 16 in Stealth
 11775 | D:9      | Found a roughly hewn altar of Beogh.
 12189 | D:10     | Entered Level 10 of the Dungeon
 12229 | D:10     | Noticed an unseen horror
 12232 | D:10     | Killed an unseen horror
 12316 | D:10     | Noticed a two-headed ogre
 12319 | D:10     | Killed a two-headed ogre
 12319 | D:10     | Reached *** piety under Dithmenos
 12319 | D:10     | Reached skill level 5 in Short Blades
 12360 | D:10     | Found a glowing golden altar of the Shining One.
 12687 | D:10     | Noticed a two-headed ogre
 12692 | D:10     | Killed a two-headed ogre
 12744 | D:10     | Noticed a gargoyle
 12751 | D:10     | Killed a gargoyle
 13153 | D:11     | Noticed a gargoyle
 13170 | D:11     | Killed a gargoyle
 13170 | D:11     | Reached XP level 11. HP: 43/53 MP: 8/24
 13581 | D:11     | Found a transporter.
 13591 | D:11     | Found a corrupted altar of Lugonu.
 13651 | D:11     | Noticed a two-headed ogre
 13657 | D:11     | Killed a two-headed ogre
 13657 | D:11     | Reached **** piety under Dithmenos
 14105 | D:11     | Noticed a white ugly thing
 14110 | D:11     | Noticed a purple ugly thing
 14110 | D:11     | Noticed a green ugly thing
 14110 | D:11     | Noticed a brown ugly thing
 14111 | D:11     | Noticed a green ugly thing
 14116 | D:11     | Killed a white ugly thing
 14121 | D:11     | Killed a purple ugly thing
 14124 | D:11     | Killed a green ugly thing
 14127 | D:11     | Killed a green ugly thing
 14127 | D:11     | Reached skill level 17 in Stealth
 14130 | D:11     | Killed a green ugly thing
 14131 | D:11     | HP: 2/54 [large abomination (28)]
 14157 | D:11     | Found a transporter.
 14359 | D:12     | Noticed Nessos
 14369 | D:12     | Killed Nessos
 14369 | D:12     | Reached skill level 5 in Fighting
 14685 | D:12     | Noticed a two-headed ogre
 14694 | D:12     | Killed a two-headed ogre
 14694 | D:12     | Reached XP level 12. HP: 60/60 MP: 26/26
 14705 | D:12     | Found Ladatucka's Changing Room.
 14727 | D:12     | Bought a potion of mutation for 128 gold pieces
 14727 | D:12     | Lost mutation: You occasionally shout uncontrollably at
                  | your foes. [potion of mutation]
 14727 | D:12     | Lost mutation: You are partially covered in large bone
                  | plates. (SH +4) [potion of mutation]
 14727 | D:12     | Gained mutation: You are clumsy. (Dex -2) [potion of
                  | mutation]
 14727 | D:12     | Gained mutation: You have very sharp teeth. [potion of
                  | mutation]
 14728 | D:12     | Bought a potion of mutation for 128 gold pieces
 14728 | D:12     | Lost mutation: You are clumsy. (Dex -2) [potion of
                  | mutation]
 14728 | D:12     | Gained mutation: You are robust. (+10% HP) [potion of
                  | mutation]
 14728 | D:12     | Gained mutation: Your mind is acute. (Int +2) [potion of
                  | mutation]
 14827 | D:12     | Reached skill level 10 in Hexes
 14908 | D:12     | Reached skill level 10 in Dodging
 14916 | D:12     | Noticed a four-headed hydra
 14922 | D:12     | Killed a four-headed hydra
 15635 | D:13     | Noticed a two-headed ogre
 15639 | D:13     | Killed a two-headed ogre
 15669 | D:13     | Reached skill level 10 in Spellcasting
 15670 | D:13     | Noticed a two-headed ogre
 15676 | D:13     | Killed a two-headed ogre
 15931 | D:13     | Noticed a four-headed hydra
 15953 | D:13     | Killed a four-headed hydra
 15953 | D:13     | Reached skill level 18 in Stealth
 16080 | D:13     | Reached ***** piety under Dithmenos
 16660 | D:13     | Noticed a two-headed ogre
 16663 | D:13     | Found a gate to the Vaults.
 16663 | D:13     | Noticed a centaur warrior
 16663 | D:13     | Noticed a centaur warrior
 16674 | D:13     | Killed a two-headed ogre
 16688 | D:13     | Killed a centaur warrior
 16715 | D:13     | Killed a centaur warrior
 16821 | D:13     | Reached XP level 13. HP: 52/72 MP: 26/28
 18348 | Lair:1   | Entered Level 1 of the Lair of Beasts
 18679 | Lair:1   | Found a dark tunnel.
 18707 | Volcano  | Entered a volcano
 18885 | Volcano  | Found a burning altar of Makhleb.
 18889 | Volcano  | Reached skill level 19 in Stealth
 19247 | Lair:1   | Reached ****** piety under Dithmenos
 19620 | Lair:2   | Reached skill level 10 in Short Blades
 19624 | Lair:2   | Noticed Sonja
 19795 | Lair:2   | Reached XP level 14. HP: 79/79 MP: 27/30
 19824 | Lair:2   | Killed Sonja
 20286 | Lair:2   | Found the +6 shillelagh "Devastator" {shatter}
 20326 | Lair:2   | Found a hole to the Spider Nest.
 20604 | Lair:2   | Found a blossoming altar of Fedhas.
 20620 | Lair:2   | Noticed Erica
 20622 | Lair:2   | Killed Erica
 21071 | Lair:3   | Noticed Urug
 21073 | Lair:3   | Killed Urug
 21325 | Lair:3   | Identified a scroll of acquirement
 21418 | Lair:3   | Found a runed gate.
 21419 | Lair:3   | Found a runed gate.
 21419 | Lair:3   | Noticed Pihasey's ghost (journeyman VSBe)
 21420 | Lair:3   | Found a runed gate.
 21761 | Lair:3   | Killed Pihasey's ghost
 23413 | Lair:4   | Found a staircase to the Swamp.
 24383 | Lair:5   | Found a shimmering altar of Xom.
 24401 | Lair:5   | Reached skill level 20 in Stealth
 24749 | Lair:5   | Reached XP level 15. HP: 84/85 MP: 26/32
 24948 | Lair:6   | Entered Level 6 of the Lair of Beasts
 25353 | Lair:6   | Found a viscous altar of Jiyva.
 25353 | Lair:6   | Found a staircase to the Slime Pits.
 26255 | Lair:6   | Found a large runed door.
 26262 | Lair:6   | Found a large runed door.
 26893 | Orc:1    | Entered Level 1 of the Orcish Mines
 27074 | Orc:1    | Found a roughly hewn altar of Beogh.
 27394 | Orc:2    | Entered Level 2 of the Orcish Mines
 27437 | Orc:2    | Found a staircase to the Elven Halls.
 27443 | Orc:2    | Noticed an orc warlord
 27477 | Orc:2    | Found a roughly hewn altar of Beogh.
 27647 | Orc:2    | Killed an orc warlord
 27844 | Orc:2    | Found a roughly hewn altar of Beogh.
 27918 | Orc:2    | Found Ynoeten's Book Shop.
 27923 | Orc:2    | Found Womah's Antique Weapon Shop.
 27944 | Orc:2    | Found Padyruav's General Store.
 28217 | Orc:2    | Found Ivuupluk's Antique Armour Shop.
 28554 | D:15     | Entered Level 15 of the Dungeon
 28576 | D:15     | Found a staircase to the Depths.
 28584 | D:15     | Noticed Rupert
 28619 | D:15     | Killed Rupert
 29338 | D:15     | Found Boarefat's Distillery.
 29358 | D:15     | Bought a potion of berserk rage for 90 gold pieces
 29358 | D:15     | Bought a potion of heal wounds for 90 gold pieces
 29358 | D:15     | Bought a potion of invisibility for 144 gold pieces
 29358 | D:15     | Bought a potion of brilliance for 72 gold pieces
 29358 | D:15     | Bought a potion of might for 72 gold pieces
 29358 | D:15     | Bought a potion of berserk rage for 90 gold pieces
 29358 | D:15     | Bought a potion of heal wounds for 90 gold pieces
 29358 | D:15     | Bought a potion of magic for 144 gold pieces
 29358 | D:15     | Bought a potion of might for 72 gold pieces
 29358 | D:15     | Bought a potion of heal wounds for 90 gold pieces
 29358 | D:15     | Bought a potion of agility for 72 gold pieces
 29851 | Depths:1 | Entered Level 1 of the Depths
 29852 | Depths:1 | Found an iron altar of Okawaru.
 29884 | Depths:1 | Reached skill level 15 in Dodging
 29898 | Depths:1 | Found a gateway to Hell.
 29971 | Depths:1 | Reached skill level 15 in Hexes
 30018 | Depths:1 | Found Kokhaff's Armour Boutique.
 30174 | Depths:1 | Reached XP level 16. HP: 92/92 MP: 34/34
 30621 | Depths:1 | Reached skill level 21 in Stealth
 31010 | Depths:1 | Noticed a lich
 31479 | Depths:1 | Killed a lich
 32662 | Swamp:1  | Entered Level 1 of the Swamp
 33569 | Swamp:1  | Reached skill level 10 in Fighting
 33793 | Swamp:1  | Identified the Disquisition on Feathery Heat (You acquired
                  | it on level 1 of the Swamp)
 33801 | Swamp:1  | Learned a level 5 spell: Silence
 34876 | Swamp:2  | Reached XP level 17. HP: 97/97 MP: 36/36
 35033 | Swamp:2  | Noticed Frances
 35038 | Swamp:2  | Killed Frances
 35060 | Swamp:2  | Got a twitching turquoise ring
 35061 | Swamp:2  | Identified the ring "Gawunu" {Ice *Drain rN+ MP+9 Str+4
                  | Dex+2} (You found it on level 2 of the Swamp)
 36029 | Swamp:3  | Noticed a tentacled monstrosity
 36046 | Swamp:3  | Killed a tentacled monstrosity
 37011 | Swamp:4  | Entered Level 4 of the Swamp
 38066 | Hell     | Entered the Vestibule of Hell
 38462 | Spider:1 | Entered Level 1 of the Spider Nest
 38462 | Spider:1 | Noticed Josephine
 38738 | Spider:1 | Killed Josephine
 39692 | Spider:2 | Found a runed gate.
 39722 | Spider:2 | Found a runed gate.
 39723 | Spider:2 | Found a runed gate.
 39727 | Spider:2 | Noticed Ufuanoycu's ghost (journeyman MiFi)
 39803 | Spider:2 | Reached skill level 22 in Stealth
 39885 | Spider:2 | Reached skill level 15 in Spellcasting
 40888 | Spider:1 | Killed Ufuanoycu's ghost
 40975 | Spider:2 | Got an ancient turquoise ring
 40976 | Spider:2 | Identified the ring "Zofrippu" {rPois MP+9 Slay+3} (You
                  | found it on level 2 of the Spider Nest)
 41046 | Spider:3 | Noticed Jorgrun
 41048 | Spider:3 | Killed Jorgrun
 41684 | Spider:3 | Reached XP level 18. HP: 104/104 MP: 38/38
 43105 | Spider:4 | Entered Level 4 of the Spider Nest
 43105 | Spider:4 | Noticed Agnes
 43107 | Spider:4 | Killed Agnes
 43965 | Spider:4 | HP: 3/104 [redback (11)]
 44298 | Spider:4 | HP: 3/104 [jumping spider (18)]
 44299 | Spider:4 | Slain by a wolf spider

Vault maps used:
D:1:      minmay_arrival_up_and_down
D:2:      makhleb_heckhound_becter
D:3:      overflow_temple_1_default, vehumet_crystals,
          cheibrodos_sewer_entry_drain, first_ration
D:4:      minmay_temple_entry_purple_smoke, grunt_dithmenos_shadows
D:6:      yredelemnul_forgotten_temple_becter, kennysheep_boxes
D:7:      kennysheep_little_box, nemelex_xobeh_ov_fountains_minmay,
          hellmonk_ghost_happy_afterlife, serial_shops, nicolae_shop_stone,
          kennysheep_mini_moat
D:8:      david_lair_generic, palyth_stone_intersect
D:9:      lemuel_round_altar, minmay_orc_entry_temple_small, hangedman_fish_farm
D:10:     minmay_crystal_water, tso_metal_star
D:11:     gammafunk_corrupted_shrine
D:12:     nicolae_transmutations_shop, uniq_nessos
D:13:     david_vaults_3
D:15:     hangedman_depths_entry_civil_slaughter, bh_walls_and_bars,
          serial_shops, shop, uniq_rupert
Temple:   eino_wide_crystal_templ
Lair:1:   nicolae_volcano_entry_two_sided, infiniplex_staircase_pool,
          grunt_megastairs_3
Lair:2:   dummy_spider_entry, tgw_fedhas, minmay_lair_oklob_chamber,
          grunt_megastairs_4, uniq_sonja, uniq_erica
Lair:3:   gammafunk_ghost_hydra_chop, minmay_hedge_maze,
          grunt_forest_small_clearings, lemuel_fruit_tree, uniq_urug
Lair:4:   minmay_swamp_entry_worms, lemuel_fruit_fields
Lair:5:   basic_altar
Lair:6:   cheibrodos_lair_end_hotspot, slime_altar_1, serial_bayou,
          serial_bayou_pond_b, serial_bayou_pond_d, serial_bayou_lagoon_a,
          serial_bayou_pond_b
Swamp:1:  evilmike_swamp_ruin_house_6
Swamp:2:  evilmike_swamp_ruin_house_1, swamp_pool3,
          nicolae_swamp_trees_clearing, uniq_frances
Swamp:3:  cheibrodos_swamp_monstrosity, nicolae_swamp_stair_fork
Swamp:4:  swamp_alternative, swamp_pool5, grunt_hermit_hut
Spider:1: uniq_josephine
Spider:2: gammafunk_ghost_split
Spider:3: nicolae_spider_shape, uniq_jorgrun
Spider:4: grunt_spider_rune_circles, nicolae_spider_webs_and_nodes, spider_trap,
          uniq_agnes
Orc:1:    basic_altar, mines2_lemuel
Orc:2:    grunt_orc_cross, basic_altar
Depths:1: kennysheep_pointless_box, serial_shops, shop, hell_entry,
          chequers_big_river, okawaru_ov_weapons_minmay, serial_bayou_shore_b,
          kennysheep_random_hallway
Depths:2: kennysheep_snake, grunt_pan_entry_sceptre,
          hangedman_tar_grid_catacomb, abyss_entry, serial_sigils,
          serial_sigils_hangedman_leer, serial_sigils_hangedman_quiver,
          serial_sigils_hangedman_shear, serial_sigils_hangedman_gut,
          uniq_saint_roka
Sewer:    sewer_minmay_treatment
Volcano:  volcano_grotto

Skill      XL: |  1  2  3  4  5  6  7  8  9 10 11 12 13 14 15 16 17 18 |
---------------+-------------------------------------------------------+-----
Spellcasting   | 3 4 5 6 8 9 10 11 12 13 14 15 | 15.4
Hexes          | 4 5 6 7 8 9 11 12 13 15 16 17 18 | 18.0
Stealth        | 7 9 12 15 16 17 18 19 20 21 22 | 22.4
Fighting       | 1 2 4 5 6 7 8 9 10 | 10.9
Short Blades   | 2 4 5 7 8 10 11 12 13 | 13.7
Dodging        | 5 8 9 11 12 14 15 16 17 | 17.3

Action                   |  1- 3 |  4- 6 |  7- 9 | 10-12 | 13-15 | 16-18 || total
-------------------------+-------+-------+-------+-------+-------+-------++-------
Melee: Dagger            |   123 |   287 |   200 |   428 |   310 |       ||  1348
       Bite              |       |       |       |    26 |    89 |    70 ||   185
       Quick blade       |       |       |       |       |   584 |   767 ||  1351
 Cast: Corona            |     4 |     1 |     1 |       |       |       ||     6
       Ensorcelled Hiber |    19 |    55 |    41 |    55 |   203 |   162 ||   535
       Confuse           |       |     7 |    22 |    34 |    75 |    86 ||   224
       Dazzling Spray    |       |     5 |     3 |    10 |    51 |    77 ||   146
       Tukima's Dance    |       |       |       |       |     4 |       ||     4
Invok: Shadow Step       |       |       |       |       |     6 |    12 ||    18
Evoke: Wand              |       |       |    19 |     4 |     6 |    10 ||    39
       Lamp of fire      |       |       |       |       |     1 |     1 ||     2
  Use: Scroll            |     4 |     8 |     8 |     9 |    14 |    17 ||    60
       Potion            |       |     1 |     2 |    10 |     1 |    21 ||    35
 Stab: Sleeping          |    11 |    42 |    37 |    71 |   229 |   192 ||   582
       Confused          |       |     5 |    10 |    20 |    48 |    51 ||   134
       Invisible         |       |     1 |     1 |    12 |    18 |    16 ||    48
       Distracted        |       |       |       |     2 |     3 |     9 ||    14
  Eat: Ration            |     1 |     2 |     3 |     4 |     7 |     6 ||    23
Armor: Robe              |    16 |    36 |     9 |    15 |    36 |    52 ||   164
Dodge: Dodged            |   122 |   277 |    96 |   231 |   611 |   821 ||  2158
Block: Other             |       |       |    15 |    10 |       |       ||    25

Table legend:
 A = Non-vault XP
 B = Vault XP
 C = Vault XP percentage of total XP
 D = Non-vault monster count
 E = Vault monster count
 F = Vault count percentage of total count
                 A         B        C        D         E       F
            +---------+---------+-------+---------+---------+-------
      Total |  229184 |   82713 |  26.5 |     824 |     239 |  22.5
            +---------+---------+-------+---------+---------+-------
        D:1 |      26 |       0 |   0.0 |      12 |       0 |   0.0
        D:2 |      37 |      43 |  53.8 |      20 |       1 |   4.8
        D:3 |     235 |       6 |   2.5 |      35 |       3 |   7.9
        D:4 |     184 |      11 |   5.6 |      15 |       1 |   6.2
        D:5 |     570 |       0 |   0.0 |      14 |       0 |   0.0
        D:6 |     906 |       1 |   0.1 |      27 |       1 |   3.6
        D:7 |     640 |     576 |  47.4 |      14 |       1 |   6.7
        D:8 |     998 |    1079 |  51.9 |      13 |       4 |  23.5
        D:9 |     753 |     457 |  37.8 |      18 |      10 |  35.7
       D:10 |    3590 |       0 |   0.0 |      20 |       0 |   0.0
       D:11 |    3178 |    3634 |  53.3 |      27 |       8 |  22.9
       D:12 |    7644 |    1362 |  15.1 |      37 |       1 |   2.6
       D:13 |    7335 |    6392 |  46.6 |      41 |      20 |  32.8
       D:14 |    8568 |       0 |   0.0 |      32 |       0 |   0.0
       D:15 |    4727 |    7885 |  62.5 |      12 |       7 |  36.8
     Lair:1 |    5158 |    1607 |  23.8 |      20 |       5 |  20.0
     Lair:2 |    6804 |    4210 |  38.2 |      26 |      12 |  31.6
     Lair:3 |    3008 |    2866 |  48.8 |      10 |       3 |  23.1
     Lair:4 |   10950 |     157 |   1.4 |      35 |       1 |   2.8
     Lair:5 |   13973 |       0 |   0.0 |      46 |       0 |   0.0
     Lair:6 |    4954 |   11111 |  69.2 |      19 |      36 |  65.5
    Swamp:1 |   12612 |       0 |   0.0 |      27 |       0 |   0.0
    Swamp:2 |   15062 |    2295 |  13.2 |      45 |       1 |   2.2
    Swamp:3 |   16513 |    2846 |  14.7 |      34 |       1 |   2.9
    Swamp:4 |    2249 |       0 |   0.0 |       5 |       0 |   0.0
   Spider:1 |    7791 |    3136 |  28.7 |      26 |       5 |  16.1
   Spider:2 |   15919 |     484 |   3.0 |      42 |       1 |   2.3
   Spider:3 |   18328 |    6466 |  26.1 |      48 |      10 |  17.2
   Spider:4 |    9085 |    3738 |  29.2 |      23 |       5 |  17.9
      Orc:1 |    1003 |       0 |   0.0 |      11 |       0 |   0.0
      Orc:2 |    1133 |    7537 |  86.9 |      13 |      39 |  75.0
   Depths:1 |   39605 |    7915 |  16.7 |      48 |       6 |  11.1
   Depths:2 |    4746 |       0 |   0.0 |       4 |       0 |   0.0
       Hell |     900 |       0 |   0.0 |       5 |       0 |   0.0
      Sewer |       0 |     119 | 100.0 |       0 |      48 | 100.0
    Volcano |       0 |    6780 | 100.0 |       0 |       9 | 100.0
            +---------+---------+-------+---------+---------+-------
